AoeStats
← Jimbo990

Coastal Forest

520646478Analyzed
4v4 RM · 4d ago on Nov 12, 2026· 57m 43s· 8 players
Game mode
Random Map
Map size
Large (8 player)
Population
200
Speed
Normal
Resources
Standard
Victory
Conquest
Starting age
Dark Age
Ending age
Imperial Age
RankedLock teamsTeams togetherTeam positionsShared explorationLock speedFull tech treeHidden civsTurbo modeCheats
Victory
Defeat
🇦🇷 Bohemians · Argentina
790
+7
🇺🇸 Bulgarians · United States
664
+10
🇨🇳 Tatars · China
605
+12
🇲🇽 Sicilians · Mexico
534
+15
vs
🇬🇧 Malay · United Kingdom
598
-12
🇺🇸 Inca · United States
596
-13
🇹🇷 Ethiopians · Türkiye
590
-13
🇮🇹 Chinese · Italy
348
-6
Jimbo990
10:35 Loom
12:38 Feudal Age
12:32 Double-Bit Axe
20:16 Castle Age
18:41 Horse Collar
36:11 Imperial Age
35:40 Murder Holes
36:46 Chemistry
Booger Flicker X
abraham09
0:32 Loom
12:39 Feudal Age
13:08 Town Watch
14:00 Wheelbarrow
14:09 Wheelbarrow
16:04 Double-Bit Axe
21:45 Castle Age
20:19 Stone Mining
20:27 Arson
22:37 Squires
28:20 Horse Collar
30:12 Scale Mail Armor
31:42 Forging
34:10 Fletching
35:28 Husbandry
36:43 Chain Mail Armor
42:20 Iron Casting
44:48 Ballistics
48:53 Masonry
49:10 Bodkin Arrow
49:30 Fortified Wall
Gilbert
1:00 Loom
15:28 Feudal Age
15:58 Double-Bit Axe
15:58 Horse Collar
16:57 Wheelbarrow
16:35 Town Watch
17:25 Man-at-Arms
18:05 Fishing Lines
18:47 Stone Mining
19:07 Arson
20:45 Gold Mining
24:37 Forging
24:18 Fletching
24:45 Scale Mail Armor
24:46 Padded Archer Armor
24:51 Scale Barding Armor
32:44 Castle Age
30:59 Bloodlines
33:44 Hand Cart
35:06 Pikeman
35:47 Squires
ethangoebel8
13:02 Feudal Age
14:18 Wheelbarrow
13:26 Horse Collar
13:34 Double-Bit Axe
14:14 Gold Mining
22:51 Castle Age
21:03 Stone Mining
22:11 Scale Mail Armor
22:16 Scale Barding Armor
22:03 Fletching
22:13 Padded Archer Armor
22:24 Forging
23:54 Hand Cart
23:43 Heavy Plow
24:02 Bow Saw
25:30 Stone Shaft Mining
25:39 Gold Shaft Mining
25:19 Husbandry
25:07 Gambesons
25:51 Caravan
27:51 Chain Mail Armor
27:36 Bodkin Arrow
31:53 Loom
31:54 Town Watch
33:02 Iron Casting
32:43 Leather Archer Armor
32:48 Chain Barding Armor
32:53 Thumb Ring
32:10 Elite Skirmisher
32:12 Pikeman
32:53 Squires
37:02 Imperial Age
34:57 Town Patrol
37:20 Elite Konnik
39:21 Crop Rotation
40:04 Plate Mail Armor
40:35 Blast Furnace
39:36 Bracer
40:12 Plate Barding Armor
41:38 Ballistics
42:19 Chemistry
41:48 Masonry
41:28 Heated Shot
42:12 Cavalier
43:22 Parthian Tactics
43:47 Siege Engineers
43:38 Murder Holes
48:42 Architecture
MedicenKarly
0:35 Loom
14:54 Feudal Age
17:36 Wheelbarrow
16:53 Gold Mining
16:46 Horse Collar
16:53 Double-Bit Axe
17:01 Stone Mining
24:25 Castle Age
30:20 Scale Mail Armor
30:30 Forging
30:25 Scale Barding Armor
33:38 Chain Mail Armor
33:58 Iron Casting
34:07 Iron Casting
39:19 First Crusade
44:08 Chain Barding Armor
58:11 Imperial Age
57:59 Hand Cart
Kitagawa Marin
10:55 Feudal Age
15:39 Castle Age
14:08 Horse Collar
14:21 Double-Bit Axe
18:57 Loom
19:47 Wheelbarrow
20:22 Padded Archer Armor
21:17 Bow Saw
23:30 Chemistry
23:03 Heavy Plow
26:26 Leather Archer Armor
33:52 Hand Cart
37:47 Imperial Age
37:38 Fletching
38:05 Capped Ram
39:25 Ring Archer Armor
38:19 Houfnice
43:37 Ballistics
43:24 Siege Engineers
44:04 Wagenburg Tactics
45:09 Conscription
56:46 Scale Barding Armor
56:52 Forging
56:26 Cavalier
57:07 Husbandry
56:30 Light Cavalry
Rocky
13:16 Feudal Age
15:58 Wheelbarrow
18:00 Castle Age
16:18 Horse Collar
17:19 Double-Bit Axe
22:05 Stone Mining
23:44 Bow Saw
27:12 Imperial Age
26:24 Heavy Plow
26:17 Gold Mining
27:01 Caravan
27:35 Coinage
28:36 Crop Rotation
30:08 Caravan
31:02 Gold Shaft Mining
33:31 Hand Cart
33:11 Heavy Cavalry Archer
34:54 Banking
35:44 Ballistics
36:25 Chemistry
36:05 Fletching
36:15 Padded Archer Armor
36:36 Loom
36:38 Town Watch
39:43 Bodkin Arrow
40:03 Leather Archer Armor
40:20 Conscription
40:11 Silk Armor
40:38 Treadmill Crane
41:08 Bracer
41:50 Ring Archer Armor
42:44 Guilds
43:55 Husbandry
44:05 Bloodlines
53:58 Timurid Siegecraft
53:11 Elite Keshik
53:14 Elite Skirmisher
53:15 Crossbowman
53:59 Town Patrol
54:06 Squires
53:52 Arson
53:28 Pikeman
53:28 Man-at-Arms
Connection lost

Rejoining the realm…

Still unreachable

The connection could not be restored.

Session expired

The server has moved on; the page needs a fresh start.